 Dungeon Crawl Stone Soup version 0.29.1-12-g30fa7ad0bf (webtiles) character file.

Game seed: 6067579754840600090

236 xian the Firebug (level 5, 0/52 HPs)
             Began as a Demonspawn Fire Elementalist on Jan 10, 2023.
             Killed by divine providence
             ... invoked by an orc priest
              (11 damage)
             ... on level 3 of the Dungeon.
             The game lasted 00:05:20 (2585 turns).

xian the Firebug (Demonspawn Fire Elementalist)     Turns: 2585, Time: 00:05:22

Health: 0/52       AC: 22    Str:  9    XL:     5   Next: 77%
Magic:  8/10       EV:  2    Int: 18    God:
Gold:   137        SH:  0    Dex: 13    Spells: 1/10 levels left

rFire   . . .      SeeInvis .   g - +2 dagger (drain)
rCold   . . .      Faith    .   (no shield)
rNeg    . . .      Spirit   .   (body armour currently unavailable)
rPois   +          Reflect  .   (helmet currently unavailable)
rElec   .          Harm     .   (cloak currently unavailable)
rCorr   .          Rampage  .   (gloves currently unavailable)
Will    .....      NoTele   +   (boots currently unavailable)
Stlth   ++........              (no amulet)
HPRegen 0.17/turn               (no ring)
MPRegen 0.12/turn               (no ring)

@: tree-form
A: stationary, stasis, torment immunity, boosted hp, (hooves 1), (fire
resistance 1), noise suppression
a: no special abilities


You were on level 3 of the Dungeon.
You were a tree.
You visited 1 branch of the dungeon, and saw 3 of its levels.

You collected 137 gold pieces.

Inventory:

Hand Weapons
 g - a +2 dagger of draining (weapon)
Armour
 a - a +0 helmet (melded)
 c - a +0 chain mail
 j - a +0 leather armour (melded)
Scrolls
 e - 2 scrolls of identify {unknown}
 h - a scroll of teleportation {unknown}
Potions
 d - a potion of mutation


   Skills:
 + Level 0.3 Short Blades
 + Level 0.2 Maces & Flails
 + Level 0.2 Armour
 + Level 2.0 Dodging
 + Level 2.4 Stealth
 + Level 0.7 Unarmed Combat
 + Level 3.4 Spellcasting
 + Level 2.6 Conjurations
 + Level 3.8 Fire Magic


You had one spell level left.
You knew the following spells:

 Your Spells              Type           Power      Damage    Failure   Level
a - Foxfire               Conj/Fire      56%        2x1d6     4%          1
b - Scorch                Fire           32%        2d6       4%          2
c - Conjure Flame         Conj/Fire      14%        6-21      12%         3
d - Inner Flame           Hex/Fire       10%        N/A       22%         3

Your spell library contained the following spells:

 Spells                   Type           Power      Damage    Failure   Level
 Apportation              Tloc           6%         N/A       16%         1
 Necrotise                Necr           12%        1d4       16%         1
 Summon Small Mammal      Summ           12%        N/A       16%         1
 Flame Wave               Conj/Fire      14%        2d6       38%         4


Dungeon Overview and Level Annotations

Branches:
Dungeon (3/15)

Altars:


Innate Abilities, Weirdness & Mutations

You are a tree.
Your roots penetrate the ground, keeping you stationary.
You cannot be teleported.
You are immune to unholy pain and torment.
Your maximum health is greatly increased.
Your equipment is partially melded.
((You have large cloven feet.))
((Your flesh is heat resistant. (rF+)))
You passively dampen the noise of your surroundings.


Message History

The foxfire hits the orc priest.
The orc priest is heavily wounded.
You closely miss the orc wizard. The orc hits you but does no damage.
Unknown command.
The orc wizard hits you with a +0 dagger.
The orc priest hits you with a +0 flail!
The orc wizard points at you and mumbles some strange words.
The magic dart hits you. The orc priest barely misses you.
The orc priest attacks as you move away!
The orc priest hits you with a +0 flail.
The orc priest hits you with a +0 flail!
* * * LOW HITPOINT WARNING * * *
The orc priest attacks as you move away!
The orc priest hits you but does no damage.
It was a potion of mutation.
You feel extremely strange.
You feel your surroundings grow quieter.
You feel resistant to heat.
It was a potion of lignification.
You turn into a tree.
Your +0 helmet melds into your body.
Your +0 leather armour melds into your body.
Your roots penetrate the ground.
You closely miss the orc wizard. The orc wizard casts a spell at you.
The puff of flame hits you but does no damage.
You closely miss the orc wizard. The orc wizard casts a spell at you.
You are confused.
You cannot move. (Use ctrl+direction or * direction to attack while stationary and confused.)
You cannot move. (Use ctrl+direction or * direction to attack while stationary and confused.)
You cannot move. (Use ctrl+direction or * direction to attack while stationary and confused.)
You cannot move. (Use ctrl+direction or * direction to attack while stationary and confused.)
You cannot move. (Use ctrl+direction or * direction to attack while stationary and confused.)
You cannot move. (Use ctrl+direction or * direction to attack while stationary and confused.) It was a potion of curing.
You feel better.
The orc wizard points at you and mumbles some strange words.
The puff of flame hits you!
* * * LOW HITPOINT WARNING * * *
The orc priest invokes the aid of Beogh against you.
Beogh smites you!
You die...

..... #...#
##...# #....#
##....#
####...o.####
...........o#
##.########o#
#♣# #.#
#######.#
##.......#
#....##### #
#....#######.#
#.............
#.............
#.............


You could see an orc priest and an orc wizard.

Vanquished Creatures
  Sigmund (D:2)
  3 adders (D:2)
  4 dart slugs
  2 orcs (D:3)
  3 bats
  7 endoplasms
  A giant cockroach (D:1)
  3 goblins
  5 hobgoblins
  A quokka (D:1)
  3 ball pythons (D:1)
  3 kobolds
  3 rats
39 creatures vanquished.

Vanquished Creatures (collateral kills)
  2 foxfires (D:2)
2 creatures vanquished.

Vanquished Creatures (others)
  124 foxfires
  3 fungi (D:2)
  4 toadstools (D:2)
131 creatures vanquished.

Grand Total: 172 creatures vanquished

Notes
Turn   | Place    | Note
-------+----------+-------------------------------------------
     0 | D:1      | xian the Demonspawn Fire Elementalist began the quest for
                  | the Orb.
     0 | D:1      | Reached XP level 1. HP: 13/13 MP: 3/3
   278 | D:1      | Gained mutation: You have large cloven feet. [demonic
                  | ancestry]
   278 | D:1      | Reached XP level 2. HP: 13/19 MP: 1/5
   308 | D:1      | Found a faded altar of an unknown god.
  1238 | D:1      | Learned a level 2 spell: Scorch
  1321 | D:2      | Reached XP level 3. HP: 24/24 MP: 6/6
  2033 | D:2      | Noticed Sigmund
  2099 | D:2      | Reached XP level 4. HP: 29/30 MP: 8/8
  2120 | D:2      | Killed Sigmund
  2121 | D:2      | Reached XP level 5. HP: 13/35 MP: 5/10
  2357 | D:2      | Learned a level 3 spell: Conjure Flame
  2361 | D:2      | Learned a level 3 spell: Inner Flame
  2581 | D:3      | Gained mutation: You passively dampen the noise of your
                  | surroundings. [potion of mutation]
  2581 | D:3      | Gained mutation: Your flesh is heat resistant. (rF+)
                  | [potion of mutation]
  2585 | D:3      | Killed from afar by an orc priest

Illustrated notes

Levels and vault maps discovered:
D:1:      dpeg_arrival_tiny_a, layout_loops_cross,
          chequers_ecumenical_altar_simple_redux
D:2:      layout_basic, minmay_gold_behind_fungi, uniq_sigmund
D:3:      layout_basic, nicolae_elevator_lobby_plus, uniq_robin

Skill      XL: |  1  2  3  4 |
---------------+-------------+-----
Fire Magic     | 3 |  3.8
Dodging        | 2 |  2.0
Stealth        | 2 |  2.4
Spellcasting   | 3 |  3.4
Conjurations   | 2 |  2.6
Short Blades   | |  0.3
Maces & Flails | |  0.2
Armour         | |  0.2
Unarmed Combat | |  0.7

Action                   |  1- 3 |  4- 6 || total
-------------------------+-------+-------++-------
Melee: Unarmed           |    11 |       ||    11
       Mace              |    12 |       ||    12
       Dagger            |    14 |     4 ||    18
       Kick              |     3 |     1 ||     4
 Cast: Foxfire           |    69 |    17 ||    86
       Scorch            |       |     2 ||     2
  Use: Potion            |       |     4 ||     4
 Stab: Sleeping          |     3 |     1 ||     4
Armor: Robe              |    11 |       ||    11
       Leather armour    |       |     2 ||     2
       Skin              |       |     1 ||     1
Dodge: Dodged            |    31 |    10 ||    41
